 Dungeon Crawl Stone Soup version 0.27-a0-492-ga4bb394fd4 (webtiles) character file.

Game seed: 7408270159147765931

265 Gaff the Sneak (level 6, -3/36 HPs)
             Began as a Kobold Brigand on Mar 2, 2021.
             Slain by Natasha (9 damage)
             ... on level 3 of the Dungeon.
             The game lasted 00:05:54 (3131 turns).

Gaff the Sneak (Kobold Brigand)                     Turns: 3131, Time: 00:05:55

Health: -3/36      AC:  4    Str:  5 (8)  XL:     6   Next: 44%
Magic:  6/6        EV: 14    Int:  9 (12) God:
Gold:   166        SH:  0    Dex: 17 (19) Spells: 5/5 levels left

rFire    . . .     SeeInvis .   a - +2 dagger
rCold    . . .     Faith    .   (shield restricted)
rNeg     . . .     Spirit   .   g - +0 leather armour
rPois    .         Reflect  .   (no helmet)
rElec    .         Harm     .   c - +0 cloak
rCorr    .         Rampage  .   (no gloves)
Will     .....                  (no boots)
Stlth    ++........             (no amulet)
HPRegen  0.12/turn              (no ring)
MPRegen  0.10/turn              (no ring)

@: confused, ambrosia-drunk
A: small, nightstalker 3, wild magic 2, evolution 1
a: no special abilities


You were on level 3 of the Dungeon.
You visited 1 branch of the dungeon, and saw 5 of its levels.

You collected 166 gold pieces.

Inventory:

Hand Weapons
 a - a +2 dagger (weapon)
Missiles
 d - 21 poisoned darts (quivered)
 e - 2 curare-tipped darts
Armour
 b - a +0 robe
 c - a +0 cloak (worn)
 g - a +0 leather armour (worn)
Wands
 n - a wand of iceblast (8)
Scrolls
 f - 9 scrolls of identify {unknown}
Potions
 h - a potion of mutation


   Skills:
 + Level 2.8 Fighting
 + Level 4.6 Short Blades
 + Level 2.1 Throwing
 + Level 1.4 Armour
 + Level 2.6 Dodging
 - Level 7.7 Stealth


You had 5 spell levels left.
You didn't know any spells.
Your spell library was empty.

Dungeon Overview and Level Annotations

Branches:
Dungeon (5/15)
 Temple: D:4-7

Altars:

Annotations:
D:3 Natasha


Innate Abilities, Weirdness & Mutations

You are small and have problems with some larger weapons.
You are completely attuned to the shadows.
Your spells are harder to cast, but more powerful.
You evolve.


Message History

It is a scroll of amnesia.
You feel forgetful for a moment. Natasha closely misses you.
As you read the scroll labelled NUIZECKOURU, it crumbles to dust.
You feel aware of your surroundings.
It was a scroll of magic mapping.
Natasha casts a spell at you. You resist with some effort.
Natasha barely misses you.
It was a potion of mutation.
You feel extremely strange.
You feel less in control of your magic. x2
You feel nature experimenting on you.
Don't worry, failures die fast.
Natasha mumbles some strange words.
You feel troubled. Natasha misses you.
Okay, then.
There's nothing to close nearby.
It was a potion of curing.
You feel better.
Natasha mumbles some strange words.
You feel disoriented. Natasha claws you.
* * * LOW HITPOINT WARNING * * *
Natasha stares at you and mumbles some strange words.
The magic dart hits you but does no damage.
It was a potion of degeneration.
There was something very wrong with that liquid.
You feel weakened.
You feel dopey.
You feel clumsy. Natasha barely misses you.
The hobgoblin hits you but does no damage.
It was a potion of ambrosia.
You are confused.
You feel invigorated. Natasha claws you. The hobgoblin barely misses you.
Natasha claws you.
* * * LOW HITPOINT WARNING * * *
Unknown command.
You bump into the rock wall.
You feel yourself speed up. The hobgoblin closely misses you.
Natasha claws you.
* * * LOW HITPOINT WARNING * * *
The hobgoblin hits you with a +0 club.
* * * LOW HITPOINT WARNING * * *
Natasha claws you!
You die...

#......†........).#
..................#
.).......>........#
...........÷......#
...............#.##
............<.##.#
#.....†......###.##
,....<............#
*.###...........@.##
*,*
###.........gh.#*
*,* ##..........(.#*
*,* *,,,,......#..#*
*,* *,,,,......##..*
*,* *,,,,......#**,*
*,* ************ *,*
*,** *,* ,,,* *,*


You could see Natasha and a hobgoblin.

Vanquished Creatures
  An ogre (D:4)
  A hound (D:3)
  Natasha (D:3)
  5 adders
  An ooze (D:1)
  A worm (D:4)
  2 dart slugs (D:1)
  A leopard gecko (D:4)
  2 orcs
  4 giant cockroaches
  12 goblins
  6 hobgoblins
  5 kobolds
  12 bats
  9 frilled lizards
  7 rats
70 creatures vanquished.

Notes
Turn   | Place    | Note
-------+----------+-------------------------------------------
     0 | D:1      | Gaff the Kobold Brigand began the quest for the Orb.
     0 | D:1      | Reached XP level 1. HP: 12/12 MP: 1/1
   281 | D:1      | Reached XP level 2. HP: 17/17 MP: 2/2
   377 | D:1      | Reached skill level 6 in Stealth
   841 | D:1      | Reached XP level 3. HP: 21/21 MP: 3/3
  1347 | D:2      | Reached XP level 4. HP: 12/27 MP: 4/4
  1806 | D:2      | You fall into a shaft and drop 2 floors!
  1858 | D:5      | Entered Level 5 of the Dungeon
  1896 | D:4      | Noticed an ogre
  1899 | D:4      | Killed an ogre
  1900 | D:4      | Reached skill level 1 in Armour
  1900 | D:4      | Reached skill level 7 in Stealth
  1900 | D:4      | Reached XP level 5. HP: 31/31 MP: 5/5
  2216 | D:3      | Reached XP level 6. HP: 21/36 MP: 6/6
  2356 | D:3      | Found a faded altar of an unknown god.
  2400 | D:3      | Noticed Natasha
  2404 | D:3      | Killed Natasha
  3101 | D:3      | Noticed Natasha
  3126 | D:3      | Gained mutation: Your spells are a little harder to cast,
                  | but a little more powerful. [potion of mutation]
  3126 | D:3      | Gained mutation: Your spells are harder to cast, but more
                  | powerful. [potion of mutation]
  3126 | D:3      | Gained mutation: You evolve. [potion of mutation]
  3131 | D:3      | Slain by Natasha

Illustrated notes

Levels and vault maps discovered:
D:1:      tarquinn_simple_flora_water_a, layout_basic,
          hangedman_abyss_or_decor_stabs, minmay_misc_feat_rows,
          minmay_misc_feat_hallway, roderic_lattice_a
D:2:      layout_loops_ring
D:3:      layout_rooms, chequers_ecumenical_altar_twisty, uniq_natasha
D:4:      layout_loops_corners, grunt_temple_overflow_bloody_war,
          grunt_temple_overflow_diamond, minmay_temple_entry_wispy,
          uniq_blork_the_orc
D:5:      cheibrodos_barr_body, layout_loops_cross, old_standard_altar,
          uniq_sigmund

Skill      XL: |  1  2  3  4 |
---------------+-------------+-----
Short Blades   | 3 4 |  4.6
Stealth        | 6 7 |  7.7
Armour         | 1 |  1.4
Dodging        | 2 |  2.6
Fighting       | |  2.8
Throwing       | |  2.1

Action                   |  1- 3 |  4- 6 || total
-------------------------+-------+-------++-------
Melee: Dagger            |    72 |   150 ||   222
  Use: Potion            |       |     4 ||     4
       Scroll            |       |     2 ||     2
 Stab: Sleeping          |    14 |    20 ||    34
Armor: Leather armour    |    34 |    25 ||    59
Dodge: Dodged            |    54 |   119 ||   173

Table legend: (Time is in decaauts)
 A = Elapsed time spent in this place.
 B = Non-inter-level travel time spent in this place.
 C = Inter-level travel time spent in this place.
 D = Time resting spent in this place.
 E = Time spent auto-exploring this place.
 F = Levels seen in this place.
 G = Mean time per level.
                   A        B        C        D        E       F      G
               +--------+--------+--------+--------+--------+-----+--------+
         Total |   3104 |   3066 |     38 |    721 |   1746 |   5 |  620.8 |
       Dungeon |   3104 |   3066 |     38 |    721 |   1746 |   5 |  620.8 |
               +--------+--------+--------+--------+--------+-----+--------+

Top non-repeatable levels by time:
     D:1: 1602 daAuts
     D:2: 835 daAuts
     D:3: 443 daAuts
     D:4: 221 daAuts
     D:5: 1 daAuts
